 Dungeon Crawl Stone Soup version 0.25.1-2-g60ff931df9 (webtiles) character file.

Game seed: 11535535522926471676

12109 hawla the Carver (level 11, -6/97 HPs)
             Began as a Minotaur Fighter on Oct 19, 2020.
             Was an Initiate of Gozag.
             Mangled by a sixfirhy (13 damage)
             ... summoned by a kobold demonologist
             ... on level 11 of the Dungeon on Oct 20, 2020.
             The game lasted 00:23:57 (11081 turns).

hawla the Carver (Minotaur Fighter)                Turns: 11081, Time: 00:24:00

Health: -6/97      AC: -1    Str: 24      XL:     11   Next: 58%
Magic:  10/10      EV: 13    Int:  8 (9)  God:    Gozag
Gold:   2250       SH:  0    Dex:  9 (10) Spells: 10/10 levels left

rFire    + . .     SeeInvis +   a - +11 hand axe of the Dungeon {elec, *Drain rPois Int+4}
rCold    . . .     Gourm    .   (no shield)
rNeg     . . .     Faith    .   I - +1 plate armour {rF+}
rPois    +         Spirit   .   T - +1 hat
rElec    .         Reflect  .   (no cloak)
rCorr    .         Harm     .   q - +2 pair of gloves
MR       .....                  (no boots)
Stlth    ..........             (no amulet)
HPRegen  0.26/turn              J - ring of poison resistance
MPRegen  0.12/turn              s - ring of see invisible

@: corroded
A: retaliatory headbutt, horns 2, repulsion field 1, molten scales 1,
deterioration 1, sturdy frame 1
a: Potion Petition, Call Merchant, Bribe Branch, Renounce Religion


You were on level 11 of the Dungeon.
You worshipped Gozag.
Gozag was most pleased with you.
You were hungry.

You visited 2 branches of the dungeon, and saw 12 of its levels.
You also visited: Ossuary.

You collected 2328 gold pieces.
You paid 78 gold pieces to Gozag.

Inventory:

Hand Weapons
 a - the +11 hand axe of the Dungeon (weapon) {elec, *Drain rPois Int+4}
   (You found it on level 7 of the Dungeon)

   Occasionally, upon striking a foe, it will discharge some electrical energy
   and cause terrible harm.
   It affects your intelligence (+4).
   It protects you from poison.
   It causes draining when unequipped.
 j - a +2 dagger of venom
 G - a +0 long sword of draining
Missiles
 k - 73 poisoned darts
 m - 4 atropa-tipped darts
 r - 8 boomerangs (quivered)
 B - 2 datura-tipped darts
Armour
 q - a +2 pair of gloves (worn)
 H - +0 steam dragon scales
 I - a +1 plate armour of fire resistance (worn)
 O - the +1 chain mail of Jaqoaseq {Dex+2}
   (You took it off an orc on level 8 of the Dungeon)

   It affects your dexterity (+2).
 T - a +1 hat (worn)
Jewellery
 s - a ring of see invisible (right hand)
 y - an uncursed ring of positive energy
 D - a +6 ring of dexterity
 J - a ring of poison resistance (left hand)
Wands
 e - a wand of iceblast (8)
 g - a wand of random effects (34)
 u - a wand of disintegration (16)
 w - a wand of enslavement (15)
 C - a wand of acid (33)
 L - a wand of polymorph (13)
Scrolls
 b - 6 scrolls of teleportation
 h - 13 scrolls of remove curse
 n - 6 scrolls of identify
 o - 2 scrolls of immolation
 E - 6 scrolls of enchant armour {unknown}
 K - a scroll of magic mapping {unknown}
 N - a scroll of vulnerability {unknown}
 Q - 2 scrolls of enchant weapon {unknown}
 R - a scroll of blinking
 S - a scroll of fog
Potions
 c - 3 potions of haste
 d - a potion of might
 i - 2 potions of mutation
 l - 5 potions of flight
 p - a potion of degeneration {unknown}
 t - 2 potions of cancellation {unknown}
 v - 3 potions of curing {unknown}
 x - a potion of stabbing {unknown}
 z - a potion of berserk rage {unknown}
 A - 2 potions of resistance {unknown}
 F - 2 potions of lignification
 M - 2 potions of invisibility {unknown}
 P - 2 potions of brilliance {unknown}
Comestibles
 f - 14 rations


   Skills:
 + Level 9.1 Fighting
 + Level 6.8(9.2) Short Blades
 + Level 10.5(11.4) Long Blades
 + Level 7.9 Axes
 + Level 1.6 Throwing
 + Level 10.3 Armour
 * Level 8.9 Dodging
 + Level 1.9 Stealth
   Level 3.6 Shields


You had 10 spell levels left.
You didn't know any spells.
Your spell library was empty.

Dungeon Overview and Level Annotations

Branches:
Dungeon (11/15)            Temple (1/1) D:5             Orc (0/2) D:9
Ossuary (visited)
   Lair: D:8-11

Altars:
Cheibriados
Dithmenos
Elyvilon
Fedhas
Gozag
Hepliaklqana
Makhleb
Nemelex Xobeh
Ru
Sif Muna
Uskayaw
Wu Jian
Yredelemnul
Zin
The Shining One

Annotations:
D:3 2 transporters, Atlas's ghost, amateur DsMo
D:4 2 runed translucent doors, dec723's ghost, amateur GnWn


Innate Abilities, Weirdness & Mutations

You reflexively headbutt those who attack you in melee.
You have a pair of horns on your head.
You are surrounded by a mild repulsion field. (EV +2)
You are partially covered in molten scales. (AC +2)
Your body sometimes deteriorates upon taking damage.
Your movements are slightly less encumbered by armour. (ER -2)


Message History

The sixfirhy hits you. The sixfirhy shocks you! The sixfirhy hits you!
Your body deteriorates!
You feel clumsy. The sixfirhy shocks you! The sixfirhy completely misses you.
The rust devil hits you. The rust devil corrodes you! The rust devil hits you.
The rust devil corrodes you!
You hit the rust devil but do no damage.
The rust devil is heavily wounded.
You miss the sixfirhy. You hit the rust devil.
The big kobold is no longer distracted by gold.
The sixfirhy hits you! The sixfirhy shocks you! The sixfirhy barely misses you.
The sixfirhy hits you.
* * * LOW HITPOINT WARNING * * *
The sixfirhy shocks you!
* * * LOW HITPOINT WARNING * * *
Your body deteriorates!
You feel dopey. The rust devil hits you!
* * * LOW HITPOINT WARNING * * *
The rust devil corrodes you! The sixfirhy hits you!
You die...
Your body crumbles into a pile of gold.

.. #.... .# #.#.. . ....
########. # ..5
#.......# #.#KK
#.#..##.# $#.55K
#.$.$##.#
#.KK4###$$.....+
#4@..($.....#######
#....3#.$(...#........
..S.....#.........#.....
.#..##.....##.....#..#..
... ...................
## ####################


You could see 2 rust devils, 2 kobold demonologists, a sixfirhy (summoned), 3
big kobolds, a crimson imp (summoned), an adder, a white imp (summoned) and a
shadow imp (summoned).

Vanquished Creatures
  A two-headed ogre (D:8)
  A centaur zombie (D:8)
  Maggie (D:7)
  A centaur skeleton (D:10)
  A kobold demonologist (D:11)
  3 trolls
  A hornet (D:7)
  3 slime creatures (D:7)
  Grinder (D:3)
  Prince Ribbit (D:7)
  3 hippogriffs
  15 yaks
  A hungry ghost (D:8)
  A steam dragon (D:10)
  3 water moccasins
  5 orc warriors
  An ice beast (D:8)
  4 sky beasts
  A necrophage (D:7)
  4 ogres
  5 centaurs
  6 big kobolds
  2 elf zombies (Ossuary)
  4 bullfrogs
  A water moccasin skeleton (D:7)
  A scorpion (D:8)
  7 wights
  6 howler monkeys
  5 crimson imps
  5 bullfrog zombies
  4 hounds
  6 jellies
  A human zombie (Ossuary)
  17 orc priests
  2 iguanas
  Ijyb (D:3)
  A gnoll shaman (D:6)
  12 orc wizards
  2 worker ants
  2 big kobold zombies (Ossuary)
  2 hound zombies
  A hound skeleton (D:9)
  5 mummies
  A worker ant zombie (D:5)
  7 gnolls
  10 adders
  2 shadow imps
  A white imp (D:10)
  5 oozes
  3 adder zombies
  4 worms
  A dart slug (D:3)
  10 leopard geckos
  45 orcs
  A ball python (D:3)
  10 bats
  3 goblins
  5 hobgoblins
  15 jackals
  26 kobolds
  5 quokkas
  5 frilled lizards
  4 goblin zombies
  A jackal zombie (Ossuary)
  A kobold zombie (Ossuary)
  2 quokka skeletons
  8 rats
325 creatures vanquished.

Vanquished Creatures (others)
  A fungus (D:7)
  6 toadstools (D:7)
7 creatures vanquished.

Grand Total: 332 creatures vanquished

Notes
Turn   | Place    | Note
-------+----------+-------------------------------------------
     0 | D:1      | hawla the Minotaur Fighter began the quest for the Orb.
     0 | D:1      | Reached XP level 1. HP: 19/19 MP: 0/0
   232 | D:1      | Reached skill level 1 in Dodging
   232 | D:1      | Reached XP level 2. HP: 27/27 MP: 1/1
   711 | D:1      | Reached XP level 3. HP: 32/33 MP: 2/2
  1264 | D:2      | Reached XP level 4. HP: 40/40 MP: 3/3
  1517 | D:3      | Found a basalt altar of Yredelemnul.
  1877 | D:2      | Reached XP level 5. HP: 9/46 MP: 4/4
  2154 | D:3      | Reached skill level 1 in Short Blades
  2313 | D:3      | Found a transporter.
  2330 | D:3      | Found a transporter.
  2331 | D:3      | Noticed Atlas's ghost (amateur DsMo)
  2555 | D:3      | Noticed Grinder
  2555 | D:3      | Noticed Ijyb
  2559 | D:3      | Killed Ijyb
  2559 | D:3      | Reached skill level 5 in Armour
  2559 | D:3      | Reached XP level 6. HP: 53/53 MP: 5/5
  2578 | D:3      | Paralysed by Grinder for 3 turns
  2591 | D:3      | Killed Grinder
  3226 | D:4      | Reached XP level 7. HP: 60/60 MP: 6/6
  3414 | D:4      | Found a shadowy altar of Dithmenos.
  3517 | D:4      | Found a runed translucent door.
  3523 | D:4      | Noticed dec723's ghost (amateur GnWn)
  3550 | D:4      | Found a runed translucent door.
  3586 | D:4      | Reached skill level 5 in Fighting
  3973 | D:5      | Entered Level 5 of the Dungeon
  4025 | D:5      | Found a staircase to the Ecumenical Temple.
  4036 | Temple   | Entered the Ecumenical Temple
  4107 | Temple   | Became a worshipper of Gozag Ym Sagoz the Greedy
  4407 | D:5      | Reached skill level 5 in Short Blades
  4529 | D:5      | Reached XP level 8. HP: 68/68 MP: 7/7
  5130 | D:6      | Found a sand-covered staircase.
  5137 | Ossuary  | Entered an ossuary
  5218 | Ossuary  | Gained mutation: You are partially covered in molten
                  | scales. (AC +2) [potion of mutation]
  5218 | Ossuary  | Gained mutation: Your movements are slightly less
                  | encumbered by armour. (ER -2) [potion of mutation]
  5218 | Ossuary  | Gained mutation: Your body sometimes deteriorates upon
                  | taking damage. [potion of mutation]
  5218 | Ossuary  | Gained mutation: You are surrounded by a mild repulsion
                  | field. (EV +2) [potion of mutation]
  5242 | Ossuary  | Reached skill level 5 in Long Blades
  5242 | Ossuary  | Reached skill level 1 in Stealth
  5915 | D:6      | Reached skill level 5 in Dodging
  6466 | D:7      | Reached XP level 9. HP: 75/75 MP: 8/8
  6722 | D:7      | Noticed Prince Ribbit
  6742 | D:7      | Killed Prince Ribbit
  7423 | D:7      | Paralysed by a hornet for 2 turns
  7852 | D:7      | Noticed Maggie
  7862 | D:7      | Killed Maggie
  7862 | D:7      | Reached XP level 10. HP: 86/86 MP: 9/9
  7904 | D:7      | Got an iridescent hand axe
  8034 | D:8      | Reached skill level 1 in Throwing
  8105 | D:8      | Noticed a two-headed ogre
  8124 | D:8      | Killed a two-headed ogre
  8124 | D:8      | Reached skill level 10 in Long Blades
  8390 | D:8      | Identified the +11 hand axe of the Dungeon {elec, *Drain
                  | rPois Int+4} (You found it on level 7 of the Dungeon)
  8570 | D:8      | Identified the +1 chain mail of Jaqoaseq {Dex+2}
  8798 | D:9      | Reached skill level 1 in Axes
  9128 | D:9      | Found a staircase to the Orcish Mines.
  9754 | D:10     | Entered Level 10 of the Dungeon
  9764 | D:10     | Reached XP level 11. HP: 85/95 MP: 10/10
  9770 | D:10     | Reached skill level 5 in Axes
 10173 | D:10     | Reached skill level 10 in Armour
 11072 | D:11     | Noticed a sun demon
 11078 | D:11     | Noticed a sixfirhy
 11081 | D:11     | Mangled by a sixfirhy

Illustrated notes

Levels and vault maps discovered:
D:1:      lemuel_arrival_room, layout_loops_ring
D:2:      layout_rooms
D:3:      layout_loops_ring, first_ration, gammafunk_ghost_mausoleum,
          yredelemnul_altar_generic, uniq_grinder, uniq_ijyb
D:4:      layout_loops_ring, ebering_ghost_sewer_f,
          nicolae_dithmenos_through_a_glass_darkly
D:5:      layout_basic, temple_fountains, minmay_starry_boxes
D:6:      layout_loops_ring, nicolae_ossuary_entry_giza
D:7:      cheibrodos_fertilizer, layout_basic, uniq_maggie, uniq_prince_ribbit1
D:8:      layout_rooms
D:9:      layout_basic, erik_orc_4
D:10:     layout_basic, minmay_fire_ice_demons
D:11:     layout_stronghold, lair_entry_dummy, serial_shops, shop, uniq_snorg,
          uniq_urug, uniq_josephine, uniq_sonja
Temple:   minmay_crystal_snake_temple

Skill      XL: |  1  2  3  4  5  6  7  8  9 10 11 |
---------------+----------------------------------+-----
Dodging        | 1 2 3 5 6 8 |  8.9
Fighting       | 4 5 6 7 8 9 |  9.1
Armour         | 4 5 6 7 8 9 10 | 10.3
Long Blades    | 3 4 6 9 10 | 10.5
Short Blades   | 2 3 5 6 |  6.8
Stealth        | 1 |  1.9
Throwing       | 1 |  1.6
Axes           | 3 7 |  7.9
Shields        | |  3.6

Action                   |  1- 3 |  4- 6 |  7- 9 | 10-12 || total
-------------------------+-------+-------+-------+-------++-------
Melee: Long sword        |    41 |       |   194 |    98 ||   333
       Dagger            |    23 |   151 |   257 |       ||   431
       Headbutt          |     3 |    32 |   104 |    64 ||   203
       Hand axe          |       |       |       |   205 ||   205
Throw: Dart              |       |     2 |     3 |       ||     5
       Boomerang         |       |       |       |     2 ||     2
  Use: Scroll            |     2 |     1 |     4 |     1 ||     8
       Potion            |       |       |     5 |       ||     5
 Stab: Distracted        |       |       |     2 |     3 ||     5
  Eat: Chunk             |     1 |     6 |     1 |       ||     8
       Ration            |       |       |     4 |     4 ||     8
Armor: Scale mail        |    26 |       |       |       ||    26
       Chain mail        |    15 |    63 |   198 |     2 ||   278
       Skin              |       |       |    33 |       ||    33
       Plate armour      |       |       |       |   166 ||   166
Dodge: Dodged            |    30 |    50 |   228 |   210 ||   518
       Rpst.: Long sword |     5 |       |    33 |    14 ||    52
